 Dungeon Crawl Stone Soup version 0.24.1-14-gf8d2b509d9 (webtiles) character file.

Game seed: 12244223460834507572, levelgen mode: deterministic

70 Mickster the Chopper (level 4, -2/61 HPs)
             Began as a Hill Orc Berserker on May 2, 2023.
             Was a Follower of Trog.
             Slain by a gnoll
             ... wielding a cursed -1 halberd
              (7 damage)
             ... on level 3 of the Dungeon.
             The game lasted 00:10:33 (1094 turns).

Mickster the Chopper (Hill Orc Berserker)           Turns: 1094, Time: 00:10:34

Health: -2/61      AC:  5    Str: 25    XL:     4   Next: 21%
Magic:  4/4        EV: 12    Int:  7    God:    Trog [*.....]
Gold:   99         SH:  0    Dex: 10    Spells: 3/3 levels left

rFire    . . .     SeeInvis .   a - +0 hand axe
rCold    . . .     Gourm    .   (no shield)
rNeg     . . .     Faith    .   k - +0 leather armour
rPois    .         Spirit   .   (no helmet)
rElec    .         Reflect  .   f - +1 cloak
rCorr    .         Harm     .   (no gloves)
MR       .....                  (no boots)
Stlth    ..........             j - amulet of inaccuracy (curse)
HPRegen  0.20/turn              (no ring)
MPRegen  0.09/turn              (no ring)

@: berserking (expiring), very quick
A: no striking features
a: Berserk, Renounce Religion


You were on level 3 of the Dungeon.
You worshipped Trog.
Trog was aware of your devotion.
You were not hungry.

You visited 1 branch of the dungeon, and saw 3 of its levels.

You collected 99 gold pieces.

Inventory:

Hand Weapons
 a - a +0 hand axe (weapon)
 e - a +0 falchion
Missiles
 d - 11 boomerangs
 g - 19 sling bullets
 h - 43 stones
 i - 25 poisoned darts (quivered)
Armour
 b - a +0 animal skin
 f - a +1 cloak (worn)
 k - a +0 leather armour (worn)
Jewellery
 j - a cursed amulet of inaccuracy (around neck)
Potions
 l - a potion of flight {unknown}
Comestibles
 c - a ration


   Skills:
 + Level 4.3 Fighting
 + Level 5.3 Axes
 + Level 2.3 Armour
 + Level 2.1 Dodging
 + Level 0.2 Stealth


You had 3 spell levels left.
You didn't know any spells.
Your spell library was empty.

Dungeon Overview and Level Annotations

Branches:
Dungeon (3/15)

Altars:
Xom


Message History

* * * LOW HITPOINT WARNING * * *
You closely miss the gnoll. You barely miss the gnoll.
The gnoll barely misses you. The gnoll hits you but does no damage.
You closely miss the gnoll. The gnoll misses you.
The gnoll hits you from afar with a cursed -1 halberd.
* * * LOW HITPOINT WARNING * * *
You slash the gnoll!
The gnoll is almost dead.
The gnoll misses you.
You slash the gnoll!
You kill the gnoll!
Trog accepts your kill.
The gnoll hits you from afar with a cursed -1 halberd.
* * * LOW HITPOINT WARNING * * *
Things that are here:
a +0 whip; a gnoll corpse You feel a strong urge to attack something.
The gnoll hits you with a cursed -1 halberd!
You die...

....
############....
##.....#...).$...
#...............!
....)............
.................
.......))g.......
.......<)@.....#
.......)......>.#
#..........$..#..
##.....#......#
############.# .#
#


You could see a gnoll.

Vanquished Creatures
  3 gnolls (D:3)
  An ooze (D:3)
  A dart slug (D:2)
  A leopard gecko (D:2)
  A ball python (D:2)
  3 giant cockroaches
  A goblin (D:1)
  4 hobgoblins
  6 jackals (D:1)
  3 bats
  4 kobolds
  3 rats (D:1)
31 creatures vanquished.

Notes
Turn   | Place    | Note
-------+----------+-------------------------------------------
     0 | D:1      | Mickster the Hill Orc Berserker began the quest for the
                  | Orb.
     0 | D:1      | Reached XP level 1. HP: 19/19 MP: 1/1
   140 | D:1      | Found a shimmering altar of Xom.
   179 | D:1      | Reached XP level 2. HP: 27/27 MP: 2/2
   891 | D:2      | Reached XP level 3. HP: 33/33 MP: 3/3
  1083 | D:3      | Reached skill level 5 in Axes
  1084 | D:3      | Reached XP level 4. HP: 24/40 MP: 4/4
  1094 | D:3      | Slain by a gnoll

Levels and vault maps discovered:
D:1:      dpeg_arrival_rooms_b, layout_loops_corners, nrook_loot_triangle,
          xom_teletrap_fun
D:2:      layout_basic, ashenzari_altar_1, uniq_natasha
D:3:      layout_rooms

Skill      XL: |  1  2  3 |
---------------+----------+-----
Fighting       | 4 |  4.3
Axes           | 5 |  5.3
Dodging        | 2 |  2.1
Armour         | |  2.3
Stealth        | |  0.2

Action                   |  1- 3 |  4- 6 || total
-------------------------+-------+-------++-------
Melee: Hand axe          |    85 |     8 ||    93
Invok: Berserk           |     2 |       ||     2
  Use: Potion            |     2 |       ||     2
       Scroll            |     2 |       ||     2
 Stab: Invisible         |     1 |       ||     1
       Sleeping          |     1 |       ||     1
  Eat: Ration            |     1 |       ||     1
Armor: Animal skin       |    21 |       ||    21
       Leather armour    |     7 |     4 ||    11
Dodge: Dodged            |    74 |     4 ||    78
